 Dungeon Crawl Stone Soup version 0.21.1-1-g345015fe64 (webtiles) character file.

165 Rasser the Magician (level 5, 0/28 HPs)
             Began as a Deep Elf Wizard on Mar 7, 2018.
             Killed by nerve-wracking pain
             ... invoked by Grinder
              (5 damage)
             ... on level 3 of the Dungeon.
             The game lasted 00:10:10 (2137 turns).

Rasser the Magician (Deep Elf Wizard)               Turns: 2137, Time: 00:10:10

Health: 0/28       AC:  3    Str:  4    XL:     5   Next: 21%
Magic:  4/14       EV: 13    Int: 24    God:
Gold:   196        SH:  0    Dex: 13    Spells: 3/14 levels left

rFire    . . .     SeeInvis .   n - -1 long sword (curse)
rCold    . . .     Gourm    .   (no shield)
rNeg     . . .     Faith    .   a - +0 robe
rPois    .         Spirit   .   b - +0 hat
rElec    .         Reflect  .   q - +0 cloak
rCorr    .         Harm     .   (no gloves)
MR       .....                  (no boots)
Stlth    ++........             (no amulet)
HPRegen  0.09/turn              (no ring)
MPRegen  0.14/turn              (no ring)

@: very slightly contaminated
A: no striking features
a: no special abilities


You were on level 3 of the Dungeon.
You were not hungry.

You visited 1 branch of the dungeon, and saw 3 of its levels.

You collected 196 gold pieces.

Inventory:

Hand Weapons
 n - a cursed -1 long sword (weapon)
Armour
 a - a +0 robe (worn)
 b - a +0 hat (worn)
 q - a +0 cloak (worn)
 r - a cursed +0 ring mail
Scrolls
 e - a scroll of magic mapping {unknown}
 f - 2 scrolls of remove curse {unknown}
 i - 2 scrolls of enchant weapon {unknown}
 o - a scroll of teleportation {unknown}
Potions
 g - 2 potions of curing {unknown}
 h - 2 potions of degeneration {unknown}
 j - a potion of brilliance {unknown}
 k - a potion of berserk rage {unknown}
 m - a potion of haste {unknown}
 s - a potion of might {unknown}
Books
 c - a book of Minor Magic

   Spells                             Type                      Level
   a - Magic Dart                     Conjuration                  1
   b - Blink                          Translocation                2
   c - Call Imp                       Summoning                    2
   d - Slow                           Hexes                        2
   e - Conjure Flame                  Conjuration/Fire             3
   f - Mephitic Cloud                 Conjuration/Poison/Air       3
 l - a book of the Earth

   Spells                             Type                      Level
   a - Leda's Liquefaction            Hexes/Earth                  4
   b - Bolt of Magma                  Conjuration/Fire/Earth       5
   c - Statue Form                    Transmutation/Earth          6
   d - Iron Shot                      Conjuration/Earth            6
   e - Shatter                        Earth                        9
Comestibles
 d - 2 rations


   Skills:
 - Level 2.4 Dodging
 - Level 2.4 Stealth
 + Level 5.3 Spellcasting
 * Level 3.8 Conjurations
 - Level 1.1 Summonings
 - Level 1.1 Translocations
 + Level 1.2 Fire Magic
 + Level 1.1 Air Magic
 * Level 2.0 Poison Magic


You had 3 spell levels left.
You knew the following spells:

 Your Spells              Type           Power        Failure   Level  Hunger
a - Magic Dart            Conj           ###.         1%          1    None
b - Blink                 Tloc           N/A          9%          2    None
c - Call Imp              Summ           ##......     9%          2    None
e - Conjure Flame         Conj/Fire      ###.....     9%          3    ##.....
h - Mephitic Cloud        Conj/Pois/Air  ###.....     10%         3    ##.....


Dungeon Overview and Level Annotations

Branches:
Dungeon (3/15)

Altars:
Ashenzari
Makhleb
Okawaru

Annotations:
D:3 Grinder


Message History

Nothing appears to happen.
Grinder gestures at you. Pain shoots through your body!
Ouch! That really hurt!
Casting: Magic Dart
Confirm with . or Enter, or press ? or * to list all spells.
Okay, then.
Casting: Magic Dart
Confirm with . or Enter, or press ? or * to list all spells.
Aiming: Magic Dart
Press: ? - help, Shift-Dir - straight line, f/p - Grinder
Aim: Grinder (lightly wounded)
The magic dart hits Grinder.
Grinder is lightly wounded.
Grinder gestures at you. Pain shoots through your body!
* * * LOW HITPOINT WARNING * * *
Grinder gestures at you. Pain shoots through your body!
You die...

...... ## ...... .#
#.... .# .... .#
#.. .# #.
#.######.######.
#.##......5#$..5..#
#....@#####.#
##....# #.# #.
#.#.## #.#
#.##.#.######.#
##.............#
.<........####..#
.............#.##
..........##.##.
.........###.# #.


You could see Grinder.

Vanquished Creatures
  A hound (D:2)
  A jelly (D:2)
  3 gnolls (D:2)
  An adder (D:2)
  3 oozes
  2 worms (D:2)
  2 dart slugs (D:2)
  A leopard gecko (D:1)
  4 bats
  6 giant cockroaches
  4 goblins
  5 hobgoblins
  3 frilled lizards
  7 kobolds
  10 rats
53 creatures vanquished.

Vanquished Creatures (collateral kills)
  An orc (D:2)
1 creature vanquished.

Grand Total: 54 creatures vanquished

Notes
Turn   | Place    | Note
-------+----------+-------------------------------------------
     0 | D:1      | Rasser the Deep Elf Wizard began the quest for the Orb.
     0 | D:1      | Reached XP level 1. HP: 10/10 MP: 7/7
   143 | D:1      | Reached XP level 2. HP: 12/15 MP: 0/9
   766 | D:2      | Reached XP level 3. HP: 19/19 MP: 6/11
   778 | D:2      | Reached skill level 5 in Spellcasting
   793 | D:2      | Learned a level 2 spell: Blink
   796 | D:2      | Learned a level 2 spell: Call Imp
   800 | D:2      | Learned a level 3 spell: Mephitic Cloud
   804 | D:2      | Learned a level 3 spell: Conjure Flame
  1025 | D:2      | Reached skill level 1 in Poison Magic
  1025 | D:2      | Reached XP level 4. HP: 11/24 MP: 0/13
  1403 | D:2      | Found a shattered altar of Ashenzari.
  1421 | D:2      | Found a transporter.
  1425 | D:2      | Found a transporter.
  1461 | D:2      | Found an iron altar of Okawaru.
  1500 | D:2      | Reached skill level 1 in Fire Magic
  1500 | D:2      | Reached skill level 1 in Air Magic
  1533 | D:2      | HP: 1/24 [orc (4)]
  1746 | D:2      | Found a burning altar of Makhleb.
  1746 | D:2      | Noticed a green death
  1866 | D:2      | Reached XP level 5. HP: 3/28 MP: 0/14
  2127 | D:3      | Noticed Grinder
  2137 | D:3      | Killed from afar by Grinder

Skill      XL: |  1  2  3  4  5 |
---------------+----------------+-----
Conjurations   | 2 3 |  3.8
Spellcasting   | 5 |  5.3
Poison Magic   | 1 2 |  2.0
Fire Magic     | 1 |  1.2
Air Magic      | 1 |  1.1
Dodging        | |  2.4
Stealth        | |  2.4
Summonings     | |  1.1
Translocations | |  1.1

Action                   |  1- 3 |  4- 6 || total
-------------------------+-------+-------++-------
 Cast: Magic Dart        |    92 |    72 ||   164
       Blink             |       |     7 ||     7
       Conjure Flame     |       |     3 ||     3
       Call Imp          |       |     3 ||     3
  Eat: Chunk             |       |     4 ||     4
Armor: Robe              |     2 |     2 ||     4
Dodge: Dodged            |    17 |    28 ||    45
